 Dungeon Crawl Stone Soup version 0.22-a0-558-gc224181 (webtiles) character file.

407 iamserjio the Ducker (level 6, 0/45 HPs)
             Began as an Octopode Wanderer on June 27, 2018.
             Slain by a worker ant (6 damage)
             ... on level 6 of the Dungeon.
             The game lasted 00:06:18 (4607 turns).

iamserjio the Ducker (Octopode Wanderer)            Turns: 4607, Time: 00:06:19

Health: 0/45       AC:  1    Str: 11    XL:     6   Next: 88%
Magic:  6/6        EV: 17    Int: 15    God:
Gold:   213        SH:  0    Dex: 13    Spells: 5/5 levels left

rFire    . . .     SeeInvis .   a - +2 quarterstaff
rCold    . . .     Gourm    .   (shield currently unavailable)
rNeg     . . .     Faith    .   (helmet restricted)
rPois    .         Spirit   .   (no amulet)
rElec    .         Reflect  .   u - ring of resist corrosion
rCorr    +         Harm     .   p - +1 ring of evasion
MR       .....                  (no ring)
Stlth    ++++......             (no ring)
HPRegen  0.15/turn              (no ring)
MPRegen  0.10/turn              (no ring)
                                (no ring)
                                (no ring)

@: no status effects
A: almost no armour, stealthy swim, amphibious, 8 rings, constrict 8, camouflage
1, gelatinous body 1
a: no special abilities


You were on level 6 of the Dungeon.
You were very hungry.

You visited 1 branch of the dungeon, and saw 6 of its levels.

You collected 213 gold pieces.

Inventory:

Hand Weapons
 a - a +2 quarterstaff (weapon)
 j - a cursed -1 spear
 l - a +2 spear of piercing
 t - a +3 rapier
Missiles
 h - 199 stones (quivered)
Armour
 g - a +0 buckler
Jewellery
 p - a +1 ring of evasion (right tentacle)
 u - a ring of resist corrosion (left tentacle)
Wands
 r - a wand of polymorph (23)
 y - a wand of random effects (23)
Scrolls
 d - a scroll of enchant weapon {unknown}
 f - 3 scrolls of remove curse {@r2}
 i - 3 scrolls of teleportation {unknown}
 w - 3 scrolls of identify {@r1}
 x - a scroll of fog {unknown}
Potions
 b - 2 potions of curing {@q1}
 e - a potion of ambrosia
 k - a potion of invisibility
 m - 2 potions of might
 o - a potion of mutation
 q - a potion of haste
 s - a potion of agility {unknown}
 v - 2 potions of heal wounds {unknown}
Comestibles
 c - 15 rations


   Skills:
 + Level 5.2 Fighting
 - Level 1.0 Staves
 * Level 5.7 Dodging
 + Level 4.6 Stealth
 - Level 1.0 Shields
 - Level 1.1 Evocations


You had 5 spell levels left.
You didn't know any spells.
Your spell library was empty.

Dungeon Overview and Level Annotations

Branches:
Dungeon (6/15)
 Temple: D:4-7

Altars:
Elyvilon
Fedhas
Sif Muna
Wu Jian


Innate Abilities, Weirdness & Mutations

You cannot wear most types of armour.
You are very stealthy in the water. (Stealth+)
You are amphibious.
You can wear up to eight rings at the same time.
You can use your tentacles to constrict eight enemies at once.
Your skin changes colour to match your surroundings (Stealth+).
Your rubbery body absorbs attacks. (AC +1, EV +1)


Message History

The bullfrog closely misses you.
The iguana hisses menacingly.
Found 12 gold pieces.
You closely miss the bullfrog. You grab the bullfrog. You squeeze the bullfrog.
The bullfrog is lightly wounded.
You constrict the bullfrog. The bullfrog hits you. x2
You hit the bullfrog. You squeeze the bullfrog.
The bullfrog is heavily wounded.
You constrict the bullfrog. The bullfrog closely misses you.
A worker ant comes into view.
The bullfrog hits you!
You are too injured to fight recklessly!
You release your grip on the bullfrog.
The bullfrog misses you. The bullfrog misses you.
There is a stone staircase leading up here.
The bullfrog hits you! The iguana bites you!
* * * LOW HITPOINT WARNING * * *
The bullfrog barely misses you. The worker ant bites you.
You die...

#.....
##....##
#(.....#
#...#...##
#..
#....## .
##....#
##...##
#lFa.#
##@..#
#....#
##...#
#...#
....#
#...#
....#
....#


You could see a bullfrog, an iguana and a worker ant.

Vanquished Creatures
  Eustachio (D:5)
  A crimson imp (D:6)
  Ijyb (D:5)
  An orc wizard (D:4)
  A worker ant zombie (D:5)
  3 gnolls
  6 adders
  A shadow imp (D:5)
  An ooze (D:3)
  2 worms (D:2)
  4 dart slugs (D:1)
  A leopard gecko (D:3)
  6 orcs
  3 giant cockroaches
  9 goblins
  6 hobgoblins
  3 jackals (D:2)
  3 quokkas (D:4)
  2 ball pythons
  3 bats
  A frilled lizard (D:1)
  A jackal zombie (D:5)
  A kobold (D:1)
  6 rats
67 creatures vanquished.

Notes
Turn   | Place    | Note
-------+----------+-------------------------------------------
     0 | D:1      | iamserjio the Octopode Wanderer began the quest for the Orb.
     0 | D:1      | iamserjio set off with: a +2 quarterstaff, 2 potions of curing {@q1}, a ration
     0 | D:1      | Reached XP level 1. HP: 17/17 MP: 1/1
    65 | D:1      | Reached XP level 2. HP: 17/22 MP: 2/2
    86 | D:1      | Reached skill level 1 in Stealth
   842 | D:1      | Reached XP level 3. HP: 14/27 MP: 3/3
  1764 | D:2      | Found a blossoming altar of Fedhas.
  1798 | D:2      | Reached XP level 4. HP: 34/34 MP: 4/4
  2385 | D:2      | Found an ornate altar of the Wu Jian Council.
  2741 | D:3      | Reached XP level 5. HP: 38/38 MP: 5/5
  2906 | D:3      | Found a deep blue altar of Sif Muna.
  3009 | D:3      | Found a white marble altar of Elyvilon.
  3995 | D:5      | Entered Level 5 of the Dungeon
  4018 | D:5      | Noticed Eustachio
  4036 | D:5      | Killed Eustachio
  4036 | D:5      | Reached skill level 5 in Fighting
  4036 | D:5      | Reached skill level 5 in Dodging
  4036 | D:5      | Reached XP level 6. HP: 42/45 MP: 6/6
  4217 | D:5      | Noticed Ijyb
  4227 | D:5      | Killed Ijyb
  4607 | D:6      | Slain by a worker ant

Vault maps used:
D:1:      dpeg_arrival_three_smaller_balls
D:2:      lemuel_doored_altar, fedhas_altar_3
D:3:      led_sif_pool, elyvilon_altar_5, columned_hall_lemuel,
          palyth_stone_intersect
D:5:      first_ration, uniq_eustachio, uniq_ijyb
D:6:      nicolae_ru_the_path_less_chosen, gammafunk_ghost_split,
          lightli_corner_chamber

Skill      XL: |  1  2  3  4  5 |
---------------+----------------+-----
Stealth        | 1 2 3 4 |  4.6
Dodging        | 4 5 |  5.7
Fighting       | 5 |  5.2
Staves         | |  1.0
Shields        | |  1.0
Evocations     | |  1.1

Action                   |  1- 3 |  4- 6 || total
-------------------------+-------+-------++-------
Melee: Quarterstaff      |    53 |    89 ||   142
       Constrict         |    14 |    26 ||    40
       Tentacles         |     8 |    17 ||    25
  Use: Scroll            |       |     6 ||     6
 Stab: Sleeping          |     1 |    11 ||    12
  Eat: Chunk             |     3 |     7 ||    10
Armor: Skin              |     3 |     3 ||     6
Dodge: Dodged            |    37 |    69 ||   106

Table legend:
 A = Spawn XP
 B = Non-spawn XP
 C = Spawn XP percentage of total XP
 D = Spawn monster count
 E = Non-spawn monster count
 F = Spawn count percentage of total count
 G = Total turns spent on level
                    A         B        C        D         E        F      G
               +---------+---------+-------+---------+---------+-------+---------
         Total |       0 |     582 |   0.0 |       0 |      67 |   0.0 |  4607
               +---------+---------+-------+---------+---------+-------+---------
           D:1 |       0 |      50 |   0.0 |       0 |      18 |   0.0 |  1250
           D:2 |       0 |     101 |   0.0 |       0 |      20 |   0.0 |  1406
           D:3 |       0 |      50 |   0.0 |       0 |      11 |   0.0 |   562
           D:4 |       0 |      55 |   0.0 |       0 |       9 |   0.0 |   777
           D:5 |       0 |     280 |   0.0 |       0 |       8 |   0.0 |   594
           D:6 |       0 |      46 |   0.0 |       0 |       1 |   0.0 |    18
               +---------+---------+-------+---------+---------+-------+---------
